 Dungeon Crawl Stone Soup version 0.12.3 (webtiles) character file.

467 MackTheKnife the Chopper (level 6, -7/57 HPs)
             Began as a Deep Dwarf Fighter on Nov 13, 2023.
             Was an Initiate of Makhleb.
             Mangled by an ogre
             ... wielding a cursed -3,-3 giant club
              (20 damage)
             ... on Level 4 of the Dungeon.
             The game lasted 00:05:15 (3102 turns).

MackTheKnife the Chopper (Deep Dwarf Fighter)       Turns: 3102, Time: 00:05:16

HP  -7/57        AC  7     Str 20      XL: 6   Next: 65%
MP   5/5         EV  5     Int  8      God: Makhleb [......]
Gold 40          SH 21     Dex 14      Spells:  0 memorised,  5 levels left

Res.Fire  : . . .   See Invis. : .   a - +0 dwarf hand axe {=f}
Res.Cold  : . . .   Warding    : .   b - +0 dwarf scale mail
Life Prot.: . . .   Conserve   : .   c - +0 dwarf shield
Res.Poison: .       Res.Corr.  : .   (no helmet)
Res.Elec. : .       Clarity    : .   (no cloak)
Sust.Abil.: . .     Spirit.Shd : .   (no gloves)
Res.Mut.  : .       Stasis     : .   (no boots)
Res.Rott. : .       Ctrl.Telep.: .   (no amulet)
Saprovore : . . .   Flight     : .   (no ring)
                                     (no ring)

@: non-regenerating, somewhat resistant to hostile enchantments, extremely
unstealthy
A: damage resistance, recharge devices, sense surroundings 1, slow healing 3
a: Device Recharging, Renounce Religion


You were on level 4 of the Dungeon.
You worshipped Makhleb.
Makhleb was noncommittal.
You were very hungry.

You visited 2 branches of the dungeon, and saw 5 of its levels.

You collected 147 gold pieces.
You spent 127 gold pieces at shops.

Inventory:

Hand weapons
 a - a +0,+0 dwarven hand axe (weapon) {=f}
Armour
 b - a +0 dwarven scale mail (worn)
 c - a +0 dwarven shield (worn)
Magical devices
 d - a wand of heal wounds (2)
 e - a wand of confusion (15)
Comestibles
 f - a bread ration
 j - 2 meat rations
 k - an apple
 q - a pear
Scrolls
 g - a scroll of enchant weapon I
 l - 5 scrolls of teleportation
 m - 3 scrolls of remove curse
 r - a scroll of magic mapping
Jewellery
 i - a cursed ring of teleportation
Potions
 h - a potion of heal wounds
 n - a potion of restore abilities
 o - a potion of cure mutation
 p - 2 potions of curing
 s - a potion of flight {unknown}


   Skills:
 + Level 3.9 Fighting
 + Level 7.1 Axes
 - Level 3.2 Armour
 - Level 3.2 Shields


You had 5 spell levels left.
You didn't know any spells.

Dungeon Overview and Level Annotations

Branches:
Dungeon (4/27)             Temple (1/1) D:4

Altars:
Fedhas
Makhleb
Sif Muna
Trog
the Shining One

Shops:
D:4: /


Innate Abilities, Weirdness & Mutations

You are resistant to damage.
You can recharge devices by infusing magical energy.
You passively map a small area around you.
You do not heal naturally.


Message History

An ogre comes into view. It is wielding a giant club.
Found a lemon.
An ogre is nearby!
An ogre is nearby!
The ogre hits you but does no damage.
You hit the ogre but do no damage. The ogre hits you with a giant club!
You closely miss the ogre. You slash the ogre!
The ogre is moderately wounded.
The ogre hits you with a giant club!
* * * LOW HITPOINT WARNING * * *
You are too injured to fight recklessly!
You are too injured to fight recklessly!
You are too injured to fight recklessly!
You are too injured to fight recklessly!
Unknown command.
You hit the ogre.
The ogre is heavily wounded.
The ogre hits you with a giant club!
You die...

####... #......
#...... #####
###...... #%..#
#.(...... #...#
#.#......
#...######.#......
#O..##.....#......
#@..##.....#......
###...##.....##.####
#...........>.......
#.#.##.....#.#######
#.#.##............##
#.#.##.....#.####.##
#.#.#.....##.# #.##
#.#.....#.##.# #...
####.####....##.#
##.#


You could see an ogre.

Vanquished Creatures
  2 orc priests (D:4)
  5 worker ants
  An orc wizard (D:4)
  4 gnolls (D:3)
  6 adders
  An iguana skeleton (D:4)
  2 giant mites (D:4)
  2 worms (D:4)
  3 giant geckos
  An ooze (D:3)
  5 orcs (D:4)
  5 giant cockroaches
  11 goblins
  12 hobgoblins
  2 jackals (D:3)
  2 ball pythons
  22 bats
  A giant newt (D:4)
  13 kobolds
  6 rats
106 creatures vanquished.

Vanquished Creatures (others)
  An orc (D:4)
1 creature vanquished.

Grand Total: 107 creatures vanquished

Notes
Turn   | Place    | Note
--------------------------------------------------------------
     0 | D:1      | MackTheKnife, the Deep Dwarf Fighter, began the quest for the Orb.
     0 | D:1      | Reached XP level 1. HP: 21/21 MP: 0/0
    69 | D:1      | Reached XP level 2. HP: 28/28 MP: 1/1
   346 | D:1      | Reached XP level 3. HP: 21/34 MP: 2/2
   420 | D:1      | Reached skill level 4 in Axes
   894 | D:2      | Reached XP level 4. HP: 37/43 MP: 3/3
   895 | D:2      | Found a bloodstained altar of Trog.
  1299 | D:3      | Reached skill level 5 in Axes
  1757 | D:3      | Reached XP level 5. HP: 23/49 MP: 4/4
  1767 | D:3      | Reached skill level 6 in Axes
  2417 | D:4      | Reached XP level 6. HP: 36/57 MP: 5/5
  2752 | D:4      | Reached skill level 7 in Axes
  2849 | D:4      | Found Striceol's Magical Wand Shoppe.
  2867 | D:4      | Bought a wand of confusion (15) for 127 gold pieces
  2875 | D:4      | Found a staircase to the Ecumenical Temple.
  2885 | Temple   | Entered the Ecumenical Temple
  2890 | Temple   | Became a worshipper of Makhleb the Destroyer
  3096 | D:4      | Noticed an ogre
  3102 | D:4      | Mangled by an ogre

Action                   |  1- 3 |  4- 6 || total
-------------------------+-------+-------++-------
Melee: Hand axe          |   133 |   251 ||   384
Evoke: Wand              |     1 |     2 ||     3
  Use: Scroll            |       |     8 ||     8
       Potion            |       |     1 ||     1
